 Dungeon Crawl Stone Soup version 0.20-a0-2-g2b0e13a (webtiles) character file.

85 TheGoonsmith the Sneak (level 4, -1/21 HPs)
             Began as a Spriggan Enchanter on Oct 30, 2016.
             Slain by a worm (10 damage)
             ... on level 2 of the Dungeon.
             The game lasted 00:04:28 (3368 turns).

TheGoonsmith the Sneak (Spriggan Enchanter)         Turns: 3368, Time: 00:04:29

Health: -1/21      AC:  3    Str:  4    XL:     4   Next: 25%
Magic:  2/9        EV: 19    Int: 16    God:
Gold:   75         SH:  0    Dex: 17    Spells: 3 memorised, 1 level left

rFire  . . .     SeeInvis +     a - +1 dagger
rCold  . . .     Gourm    .     b - +1 robe
rNeg   . . .     Faith    .     (shield restricted)
rPois  .         Spirit   .     (helmet restricted)
rElec  .         Reflect  .     (no cloak)
rCorr  .         Harm     .     (gloves unavailable)
MR     .....                    (boots unavailable)
Stlth  +++.......               (no amulet)
                                (no ring)
                                (no ring)

@: very slightly contaminated, very quick
A: unfitting armour, see invisible, herbivore 3, speed 3, slow metabolism 2
a: no special abilities


You were on level 2 of the Dungeon.
You were full.

You visited 1 branch of the dungeon, and saw 3 of its levels.

You collected 75 gold pieces.

Inventory:

Hand Weapons
 a - a +1 dagger (weapon)
Missiles
 m - 8 curare-tipped needles
Armour
 b - a +1 robe (worn)
Jewellery
 n - an uncursed ring of positive energy {unknown}
 q - an uncursed ring of ice {unknown}
 r - a cursed ring of teleportation {unknown}
Scrolls
 e - 5 scrolls of identify {unknown}
 g - a scroll of amnesia {unknown}
 h - 2 scrolls of remove curse {unknown}
 i - 2 scrolls of teleportation {unknown}
 j - a scroll of enchant armour {unknown}
 s - a scroll of noise {unknown}
Potions
 f - a potion of curing
 k - a potion of beneficial mutation {unknown}
 l - 3 potions of flight {unknown}
 p - a potion of degeneration {unknown}
Books
 c - a book of Maledictions

   Spells                             Type                      Level
   a - Corona                         Hexes                        1
   b - Ensorcelled Hibernation        Hexes/Ice                    2
   c - Confuse                        Hexes                        3
   d - Tukima's Dance                 Hexes                        3
   e - Dazzling Spray                 Conjuration/Hexes            3
Comestibles
 d - a bread ration
 o - a slice of pizza


   Skills:
 * Level 3.2 Short Blades
 + Level 4.1 Dodging
 + Level 5.5 Stealth
 - Level 2.6 Spellcasting
 - Level 3.6 Hexes


You had one spell level left.
You knew the following spells:

 Your Spells              Type           Power        Failure   Level  Hunger
a - Corona                Hex            ##.....      6%          1    #......
b - Tukima's Dance        Hex            ##......     14%         3    ###....
c - Confuse               Hex            ##......     14%         3    ###....


Dungeon Overview and Level Annotations

Branches:
Dungeon (3/15)

Altars:
Cheibriados
Makhleb
Uskayaw
The Shining One


Innate Abilities, Weirdness & Mutations

You are very small and have problems with some larger weapons.
You are too small for most types of armour.
You have supernaturally acute eyesight. (SInv)
You are a herbivore.
You cover ground extremely quickly.
You need consume almost no food.


Message History

The worm is moderately wounded.
You hit the worm.
The worm is moderately wounded.
The worm completely misses you.
You hit the worm.
The worm is moderately wounded.
You hit the worm but do no damage.
The worm is moderately wounded.
The worm barely misses you.
You hit the worm.
The worm is heavily wounded.
You hit the worm.
The worm is heavily wounded.
The worm bites you.
You hit the worm but do no damage.
The worm is heavily wounded.
You hit the worm.
The worm is heavily wounded.
The worm bites you!
You die...

######## #...w@.#
####'####.#
#.......#.###############
#.♣.w.♣.#..........).....
#.....g.###......########
#.♣...♣.# #.####.#
#.......# #.# #.########
#.♣...♣.# #.# #.........
#...<...# #.# #########.


You could see a worm.

Vanquished Creatures
  3 adders
  2 worms
  2 dart slugs
  2 leopard geckos
  2 orcs (D:3)
  A giant cockroach (D:3)
  5 goblins
  4 hobgoblins
  3 jackals (D:2)
  3 kobolds
  A quokka (D:2)
  8 bats
  3 frilled lizards
  7 rats
46 creatures vanquished.

Notes
Turn   | Place    | Note
-------+----------+-------------------------------------------
     0 | D:1      | TheGoonsmith the Spriggan Enchanter began the quest for the Orb.
     0 | D:1      | Reached XP level 1. HP: 9/9 MP: 5/5
   330 | D:1      | Reached XP level 2. HP: 12/13 MP: 6/6
   996 | D:2      | Reached skill level 5 in Stealth
  1270 | D:3      | Reached XP level 3. HP: 7/16 MP: 8/8
  1497 | D:3      | Learned a level 3 spell: Tukima's Dance
  1501 | D:3      | Learned a level 3 spell: Confuse
  2809 | D:2      | Reached XP level 4. HP: 10/21 MP: 5/9
  3156 | D:2      | Found a burning altar of Makhleb.
  3216 | D:2      | Found a snail-covered altar of Cheibriados.
  3223 | D:2      | Found a hide-covered altar of Uskayaw.
  3224 | D:2      | Found a glowing golden altar of the Shining One.
  3368 | D:2      | Slain by a worm

Vault maps used:
D:1:      erik_arrival_blinker_ship, minivault_24
D:2:      grunt_temple_overflow_open, grunt_ministairs_3, serial_bayou_pond_a,
          bloody_makhleb

Skill      XL: |  1  2  3 |
---------------+----------+-----
Short Blades   | 2 3 |  3.2
Stealth        | 5 |  5.5
Dodging        | 4 |  4.1
Spellcasting   | |  2.6
Hexes          | |  3.6

Action                   |  1- 3 |  4- 6 || total
-------------------------+-------+-------++-------
Melee: Dagger            |   182 |    47 ||   229
 Cast: Confuse           |     5 |     2 ||     7
       Tukima's Dance    |     1 |       ||     1
  Use: Potion            |     1 |       ||     1
 Stab: Sleeping          |    11 |     2 ||    13
       Confused          |     2 |     1 ||     3
  Eat: Bread ration      |       |     1 ||     1
Armor: Robe              |    13 |       ||    13
Dodge: Dodged            |   131 |    14 ||   145
